Map: Pillars of Gold LE

Players

ViBE - Winner!

  • Race: Terran Terran
  • League: Platinum
  • Spawn Location: 1:00

Arun

  • Race: Protoss Protoss
  • League: Gold
  • Spawn Location: 7:00

VOD

Have the link to the VOD?

Description

Time

  • Played on: April 1, 2021, 10:23 p.m.
  • Length: 13:35
Show
View Real Time Build Order
Export as new Build Order

ViBE Terran - Winner!

Build Orders:  

Get SALT Encoding   

  12  0:00  SCV  
  13  0:12  SCV  
  14  0:19  Supply Depot  
  14  0:24  SCV  
  15  0:40  SCV  
  15  0:41  Barracks  
  16  0:46  Refinery  
  16  0:52  SCV  
  17  1:04  SCV  
  18  1:16  SCV  
  19  1:28  Marine, Orbital Command  
  20  1:44  Command Center  
  20  1:47  Marine  
  21  1:55  SCV  
  21  2:00  Supply Depot  
  22  2:07  SCV  
  23  2:12  Factory  
  23  2:16  Barracks Reactor  
  23  2:28  Bunker  
  23  2:31  SCV  
  24  2:43  SCV  
  25  2:54  Marine x2  
  25  2:55  SCV  
  25  2:57  Factory Tech Lab  
  25  2:58  Barracks, Orbital Command  
  28  3:08  SCV  
  28  3:11  Marine  
  28  3:12  Marine  
  34  3:20  SCV  
  34  3:28  Cyclone  
  34  3:32  SCV x2  
  34  3:33  Marine x2  
  36  3:44  SCV x2  
  36  3:46  Barracks Tech Lab  
  36  3:47  Starport  
  38  3:56  SCV x2  
  40  4:05  Refinery  
  40  4:07  Marine x3, Supply Depot  
  40  4:08  SCV x2  
  45  4:15  Cyclone  
  45  4:20  SCV  
  46  4:25  SCV  
  46  4:26  Marine  
  46  4:27  Supply Depot  
  46  4:28  Marine  
  46  4:30  Supply Depot  
  47  4:32  Marine  
  47  4:34  SCV  
  49  4:43  SCV  
  49  4:44  Marine  
  51  4:46  SCV, Marine  
  51  4:49  Cyclone  
  56  4:54  Supply Depot  
  56  4:55  SCV  
  56  4:58  SCV  
  58  5:01  Starport Reactor  
  58  5:03  Supply Depot  
  58  5:07  SCV  
  58  5:09  Marine x3  
  58  5:10  SCV  
  63  5:15  Stimpack  
  63  5:19  SCV  
  63  5:20  Refinery  
  63  5:21  Refinery  
  64  5:22  SCV  
  64  5:27  Marine x3  
  68  5:30  Supply Depot  
  68  5:31  SCV, Supply Depot  
  68  5:34  SCV, Cyclone  
  72  5:43  SCV  
  72  5:46  SCV  
  74  5:55  SCV  
  74  5:56  Marine x3, Engineering Bay x2  
  78  5:58  SCV  
  78  5:59  Medivac  
  78  6:00  Medivac  
  83  6:07  SCV  
  83  6:10  SCV  
  85  6:18  Marine x3  
  85  6:19  SCV  
  85  6:23  SCV  
  85  6:24  Terran Infantry Weapons Level 1, Terran Infantry Armor Level 1  
  90  6:31  SCV  
  91  6:35  SCV  
  91  6:38  Supply Depot  
  90  6:40  Supply Depot  
  90  6:44  SCV  
  90  6:45  Marine x3  
  95  6:47  SCV, Medivac x2  
  99  6:54  Combat Shield  
  99  6:56  SCV  
  99  6:59  SCV  
  99  7:01  Command Center  
  101  7:07  Armory  
  101  7:08  SCV  
  102  7:11  SCV  
  103  7:18  Supply Depot x2  
  103  7:20  SCV  
  104  7:26  Marine x2  
  104  7:27  Marine  
  104  7:28  Medivac x2  
  111  7:32  SCV x2  
  113  7:54  Marine x3, Thor  
  113  7:57  SCV x2  
  124  7:59  Supply Depot  
  124  8:01  Supply Depot  
  124  8:02  Supply Depot  
  124  8:03  Viking x2  
  128  8:13  Terran Vehicle Weapons Level 1, Orbital Command  
  128  8:21  Terran Infantry Weapons Level 2  
  128  8:23  Marine x3  
  131  8:32  Terran Infantry Armor Level 2  
  131  8:33  SCV  
  131  8:34  SCV  
  133  8:40  Marine  
  134  8:46  SCV  
  135  8:54  Marine x2  
  135  8:55  Thor  
  143  8:58  Marine  
  144  9:03  Orbital Command  
  140  9:11  SCV x2  
  140  9:12  Marine x2  
  140  9:14  Medivac  
  140  9:19  Command Center  
  140  9:29  SCV x2  
  140  9:30  SCV  
  143  9:35  Refinery  
  143  9:36  Refinery  
  143  9:38  Thor  
  149  9:46  SCV x2  
  149  9:47  SCV  
  152  9:54  Barracks x2  
  152  9:55  Barracks x2  
  152  9:58  Marine x3  
  152  9:59  Medivac x2  
  159  10:10  SCV x2  
  161  10:23  SCV x2  
  161  10:24  SCV  
  161  10:26  Terran Vehicle Weapons Level 2  
  164  10:40  Marine x2  
  166  10:43  Barracks Reactor x4  
  166  10:49  Command Center  
  166  10:57  Marine x2  
  166  10:58  Marine  
  166  11:01  Thor  
  166  11:02  Medivac x2  
  169  11:15  Marine  
  169  11:16  Marine  
  168  11:21  Marine x8  
  168  11:22  Marine  
  170  11:26  Supply Depot x2  
  170  11:31  Medivac  
  170  11:32  Medivac  
  174  11:36  Planetary Fortress  
  174  11:38  Marine x2, Barracks x2  
  174  11:39  Marine x7, Barracks x2  
  182  11:40  Marine x2  
  182  11:42  Barracks  
  185  11:48  Thor, Command Center  
  185  11:53  Barracks  
  191  11:54  Barracks  
  191  11:56  Marine x2  
  193  12:07  Marine x5  
  198  12:12  Marine x2  
  200  12:28  Barracks Tech Lab x4  
  200  12:29  Barracks Reactor  
  200  12:35  Factory  
  200  12:37  Starport  
  200  12:40  Barracks  
  200  12:41  Barracks  
  197  12:51  Marine x3  
  198  13:21  Starport Reactor, Factory Tech Lab  
  197  13:26  Barracks Reactor  
  197  13:27  Barracks Reactor  
  197  13:28  Barracks Reactor x2  
Show
View Real Time Build Order
Export as new Build Order

Arun Protoss 

Build Orders: Proxy Void Ray 

Get SALT Encoding   

  12  0:10  Pylon  
  12  0:13  Probe (Chrono Boost)  
  13  0:23  Probe (Chrono Boost)  
  13  0:28  Probe (Chrono Boost)  
  14  0:35  Gateway  
  15  0:39  Probe  
  16  0:47  Assimilator  
  16  0:51  Probe  
  16  0:56  Assimilator  
  17  1:03  Probe  
  18  1:15  Probe  
  19  1:22  Cybernetics Core  
  19  1:28  Zealot  
  21  1:33  Pylon  
  21  1:36  Probe  
  22  1:49  Probe  
  23  1:59  Stargate  
  23  2:01  Shield Battery  
  23  2:05  Probe  
  26  2:19  Probe  
  25  2:32  Probe  
  26  2:38  Void Ray (Chrono Boost)  
  26  2:51  Stargate  
  30  2:54  Probe  
  31  2:59  Shield Battery  
  31  3:13  Pylon  
  31  3:24  Void Ray (Chrono Boost)  
  35  3:41  Pylon, Void Ray (Chrono Boost)  
  39  3:59  Void Ray  
  43  4:17  Shield Battery  
  43  4:19  Shield Battery  
  43  4:21  Shield Battery  
  43  4:31  Void Ray  
  41  4:55  Nexus  
  41  5:01  Void Ray  
  41  5:04  Shield Battery x2  
  45  5:23  Pylon  
  45  5:43  Void Ray  
  49  5:59  Cybernetics Core  
  49  6:01  Pylon  
  49  6:06  Probe  
  49  6:07  Probe, Void Ray  
  51  6:18  Protoss Air Weapons Level 1, Probe  
  55  6:19  Probe  
  57  6:30  Probe  
  58  6:39  Void Ray  
  62  6:49  Probe x2  
  62  6:50  Pylon  
  62  6:52  Pylon  
  64  6:54  Assimilator  
  64  7:00  Assimilator  
  64  7:01  Probe x2  
  64  7:04  Void Ray  
  66  7:13  Probe x2  
  66  7:15  Shield Battery  
  72  7:19  Pylon  
  64  7:45  Robotics Facility  
  64  7:47  Probe x2  
  66  7:57  Nexus  
  66  8:01  Probe x2  
  66  8:03  Void Ray  
  72  8:13  Probe  
  72  8:17  Probe  
  74  8:25  Probe  
  75  8:27  Void Ray  
  71  8:46  Forge  
  70  8:56  Robotics Bay  
  70  9:18  Probe x2  
  72  9:30  Probe  
  72  9:38  Pylon  
  72  9:46  Robotics Facility  
  72  9:50  Pylon  
  72  9:53  Pylon  
  72  9:55  Pylon  
  72  9:56  Probe x3  
  75  10:02  Pylon  
  75  10:04  Pylon  
  75  10:08  Probe  
  75  10:09  Colossus  
  82  10:14  Assimilator  
  82  10:16  Probe x2  
  82  10:20  Assimilator  
  84  10:22  Probe  
  84  10:26  Extended Thermal Lance  
  86  10:28  Probe  
  86  10:33  Probe  
  86  10:34  Probe  
  88  10:38  Gateway  
  88  10:40  Gateway  
  88  10:43  Twilight Council  
  88  10:51  Colossus  
  88  10:57  Probe x3  
  81  11:09  Probe  
  74  11:22  Probe x2  
  76  11:28  Pylon  
  76  11:34  Probe (Chrono Boost)  
  76  11:35  Probe (Chrono Boost)  
  78  11:47  Probe (Chrono Boost)  
  80  11:51  Probe (Chrono Boost)  
  80  11:53  Probe (Chrono Boost)  
  81  11:58  Probe  
  82  12:13  Probe x2  
  84  12:25  Probe  
  84  12:26  Colossus x2  
  96  13:00  Nexus  
  96  13:02  Pylon  
  96  13:04  Probe x2  
  98  13:16  Probe  
Tags
 
Add a new tag
Caveats
  • Supply blocks, unpowered buildings, or Contaminate may cause inaccurate times.
  • Supply counts are checked every 10 seconds.